Scraper vs Saguenéens

Created - 24 mars 2015 at 19:10

Goals
1 2 3 T
Scraper 0 1 2 3
Saguenéens 3 2 2 7
Shots
1 2 3 T
Scraper 5 14 9 28
Saguenéens 8 14 9 31

1st period

1. Saguenéens , David Laliberté 13 (Tim Kennedy, Kris Russell) at 3:42
2. Saguenéens , Eric Tangradi 8 (Kevin Marshall) at 11:47
3. Saguenéens , Martin Hanzal 42 (Evgeny Dadonov, Kyle Brodziak) at 15:43

Penalties :
Wayne Simmonds (Chi) for Holding Stick (Minor) at 5:31, Riley Armstrong (Out) for High sticking (Minor) at 15:46

2nd period

4. Saguenéens , Kris Russell 5 (Martin Hanzal) at 5:33 (PP)
5. Scraper , Valeri Bure 28 (Eric Godard, Ben Eager) at 16:49
6. Saguenéens , Marcus Johansson 18 (David Moss, Martin Hanzal) at 18:40

Penalties :
David Moss (Chi) for Tripping (Minor) at 2:18, Ilkka Heikkinen (Out) for Interference (Minor) at 5:23, Derek Morris (Chi) for Fighting (Major) at 5:41, Ben Eager (Out) for Fighting (Major) at 5:41, Derek Morris (Chi) for instigated a fight (Minor) at 5:41, Derek Morris (Chi) for instigated a fight (10 Minutes Misconduct) at 5:41

3rd period

7. Scraper , Eric Godard 31 (Denis Shvidki, Derek Joslin) at 6:57
8. Saguenéens , Derek Morris 13 (Evgeny Dadonov) at 9:42 (PP)
9. Saguenéens , Wayne Simmonds 6 (Martin Hanzal) at 9:46
10. Scraper , Valeri Bure 29 (Riley Nash) at 18:38

Penalties :
Evgeny Grachev (Chi) for Fighting (Major) at 4:51, Ben Eager (Out) for Fighting (Major) at 4:51, Ben Eager (Out) for instigated a fight (Minor) at 4:51, Ben Eager (Out) for instigated and being the aggresor in a fight (20 Minutes Game Misconduct) at 4:51, Eric Gryba (Out) for Charging (Minor) at 9:30, Cameron Gaunce (Out) for High sticking (Minor) at 15:54, Evander Kane (Out) for Interference (Minor) at 19:00

Goalie Stats

Maxime Ouellet (Out), 7 saves from 11 shots - (0,636), L, 15-14-4, 25:33 minutes
Peter Mannino (Out), 17 saves from 20 shots - (0,850), 34:27 minutes
Al Montoya (Chi), 25 saves from 28 shots - (0,893), W, 33-18-6, 60:00 minutes

Players Stats for Scraper

Player Name              G  A  P  +/- PIM S  H  SB GA TA FO     MP     PP MP  PK MP  
------------------------------------------------------------------------------------
Ben Eager                0  1  1  -2  32  4  4  1  2  0  0/0    14:02   2:08   0:44 
Brayden Schenn           0  0  0  -1  0   1  3  0  0  2  2/7    18:33   2:38   2:07 
Brendan Smith            0  0  0  -1  0   1  1  1  0  0  0/0    27:04   3:41   4:35 
Cameron Gaunce           0  0  0  -1  2   0  0  1  0  0  0/0     9:02   0:00   0:10 
Daniel Winnik            0  0  0  -1  0   3  0  1  0  1  0/0    16:07   2:34   0:29 
Denis Shvidki            0  1  1   0  0   3  2  0  1  0  0/1    20:16   2:31   4:16 
Derek Joslin             0  1  1  -1  0   2  2  0  0  0  0/0    27:04   3:41   4:35 
Eric Godard              1  1  2  -2  0   1  3  0  0  0  4/10   24:02   3:10   4:16 
Eric Gryba               0  0  0  -1  2   1  1  1  1  0  0/0    20:07   2:16   2:43 
Eric Knodel              0  0  0   1  0   0  0  0  0  0  0/0     3:58   0:00   0:00 
Evander Kane             0  0  0  -2  2   2  1  1  0  0  0/1    16:50   1:08   1:49 
Ilkka Heikkinen          0  0  0  -1  2   2  1  0  2  2  0/0    19:57   2:16   2:33 
Jared Cowen              0  0  0  -1  0   0  0  1  0  1  0/0     8:50   0:00   0:00 
Jerome Samson            0  0  0   1  0   0  0  0  0  0  0/0     0:07   0:00   0:00 
Joe Finley               0  0  0   1  0   0  0  0  0  0  0/0     3:58   0:00   0:00 
Marcus Foligno           0  0  0   2  0   1  1  0  0  0  0/1    11:37   0:05   0:00 
Reilly Smith             0  0  0   0  0   0  0  1  1  0  0/0     6:00   0:11   0:43 
Riley Armstrong          0  0  0  -2  2   2  1  0  0  0  6/11    8:13   2:10   0:00 
Riley Nash               0  1  1   2  0   1  0  0  0  0  1/2    11:05   0:00   0:00 
Roman Horak              0  0  0   0  0   0  0  0  0  0  0/1     1:05   0:18   0:12 
Ryan O'Reilly            0  0  0  -1  0   0  1  0  0  0  4/6     7:09   0:00   0:00 
Valeri Bure              2  0  2   0  0   4  2  0  1  0  12/17  17:29   0:58   0:00 

Players Stats for Saguenéens

Player Name              G  A  P  +/- PIM S  H  SB GA TA FO     MP     PP MP  PK MP  
------------------------------------------------------------------------------------
Brandon Burlon           0  0  0   2  0   1  1  0  0  0  0/0    17:34   0:00   0:41 
David Laliberté          1  0  1   0  0   2  0  0  0  0  0/0    13:34   0:00   2:35 
David Moss               0  1  1  -1  2   1  3  0  1  0  1/1    16:55   2:51   1:54 
David Rundblad           0  0  0  -1  0   2  0  0  0  1  0/0    14:04   2:34   0:38 
Derek Morris             1  0  1   1  17  2  3  1  1  2  0/0    20:49   4:44   2:09 
Eric Tangradi            1  0  1   1  0   3  1  1  1  1  0/0     8:11   0:00   0:19 
Evgeny Dadonov           0  2  2   2  0   3  2  2  0  1  1/2    20:17   4:27   0:00 
Evgeny Grachev           0  0  0   1  5   1  3  1  0  0  2/2    10:11   0:00   0:00 
Jim O'Brien              0  0  0   0  0   2  0  0  0  0  1/2     8:21   0:00   0:29 
Kevin Marshall           0  1  1   1  0   0  0  0  0  0  0/0    27:39   4:44   3:28 
Kris Russell             1  1  2   1  0   1  3  0  1  0  0/0    19:21   2:34   2:29 
Kyle Brodziak            0  1  1  -1  0   2  0  1  0  0  10/18  18:13   2:51   2:40 
Marcus Johansson         1  0  1  -1  0   2  3  0  0  0  0/1    16:04   2:51   1:09 
Martin Hanzal            1  3  4   2  0   3  1  3  0  2  13/31  23:14   4:27   2:48 
Mike Sauer               0  0  0   0  0   0  1  3  1  0  0/0    20:32   0:00   2:29 
Rhett Rakhshani          0  0  0   1  0   2  1  0  0  0  0/0     7:45   0:00   0:00 
Tim Kennedy              0  1  1   0  0   2  1  0  0  0  0/0    10:57   0:00   0:00 
Wayne Simmonds           1  0  1   2  2   2  3  0  1  1  0/0    20:18   4:27   0:00 

3 Stars

1 - Martin Hanzal (Chi)
2 - Valeri Bure (Out)
3 - Kris Russell (Chi)

Power Play

Scraper - 0 on 3 Attempt(s) - 0,00%
Saguenéens - 2 on 6 Attempt(s) - 33,33%

Penalty Kill

Scraper - 4 on 6 Attempt(s) - 66,67% - Score 0 goal in Penalty Kill
Saguenéens - 3 on 3 Attempt(s) - 100,00% - Score 0 goal in Penalty Kill

Team Stat

Scraper - Hits : 23 - Faceoff Wins : 29 - Blocked Shots : 8 - Penalty Minutes : 42
Saguenéens - Hits : 26 - Faceoff Wins : 28 - Blocked Shots : 12 - Penalty Minutes : 26

Official

Referees : StLaurent Francois and Charron Francis
Linesman : Tim Nowak and Steve Barton

Game Notes

Peter Mannino enters game at 5:33 of 2nd period
Riley Armstrong is injured at 5:40 of 2nd period (Sprained Right Knee)
Derek Morris and Ben Eager fight to a draw at 5:41 of 2nd period
Reilly Smith is injured at 9:31 of 2nd period (Strained Groin)
Ben Eager beats up Evgeny Grachev at 4:51 of 3rd period
Ben Eager ejected from game at 4:51 of 3rd period

Finance

Level 1 -- Attendance: 1398 (69,90%) -- Ticket Income 55 920 $
Level 2 -- Attendance: 703 (70,30%) -- Ticket Income 14 060 $
Total Attendance: 2101 (70,03%)
Total Ticket Income: 69 980 $
Other Income: 3 499 $
Total Income: 73 479 $

Scraper

5 vs 5 Forward 
   Center                   Left Wing                Right Wing               Time % Phy DF OF 
 1 Riley Armstrong          Ben Eager                Eric Godard              40     1   2  2  
 2 Brayden Schenn           Daniel Winnik            Denis Shvidki            30     1   2  2  
 3 Ryan O'Reilly            Evander Kane             Valeri Bure              20     1   2  2  
 4 Riley Nash               Marcus Foligno           Reilly Smith             10     1   2  2  

5 vs 5 Defense 
   Defense                  Defense                                           Time % Phy DF OF 
 1 Brendan Smith            Derek Joslin                                      40     1   2  2  
 2 Eric Gryba               Ilkka Heikkinen                                   30     1   2  2  
 3 Jared Cowen              Cameron Gaunce                                    20     1   2  2  
 4 Joe Finley               Eric Knodel                                       10     1   2  2  

PowerPlay Forward 
   Center                   Left Wing                Right Wing               Time % Phy DF OF 
 1 Riley Armstrong          Ben Eager                Eric Godard              60     1   2  2  
 2 Brayden Schenn           Daniel Winnik            Denis Shvidki            40     1   2  2  

PowerPlay Defense
   Defense                  Defense                                           Time % Phy DF OF 
 1 Brendan Smith            Derek Joslin                                      60     1   2  2  
 2 Eric Gryba               Ilkka Heikkinen                                   40     1   2  2  

Penalty Kill 4 Players Forward 
   Center                   Wing                     Time % Phy DF OF 
 1 Eric Godard              Denis Shvidki            60     1   2  2  
 2 Riley Armstrong          Ben Eager                40     1   2  2  

Penalty Kill 4 Players Defense
   Defense                  Defense                  Time % Phy DF OF 
 1 Brendan Smith            Derek Joslin             60     1   2  2  
 2 Eric Gryba               Ilkka Heikkinen          40     1   2  2  

Penalty Kill - 3 Players Forward 
   Forward                                           Time % Phy DF OF 
 1 Eric Godard                                       60     1   2  2  
 2 Denis Shvidki                                     40     1   2  2  

Penalty Kill - 3 Players Defense
   Defense                  Defense                  Time % Phy DF OF 
 1 Brendan Smith            Derek Joslin             60     1   2  2  
 2 Eric Gryba               Ilkka Heikkinen          40     1   2  2  

4 vs 4 Forward 
   Center                   Wing                     Time % Phy DF OF 
 1 Eric Godard              Denis Shvidki            60     1   2  2  
 2 Riley Armstrong          Ben Eager                40     1   2  2  

4 vs 4 Defense
   Defense                  Defense                  Time % Phy DF OF 
 1 Brendan Smith            Derek Joslin             60     1   2  2  
 2 Eric Gryba               Ilkka Heikkinen          40     1   2  2  

Last Minutes Offensive
   Center                   Left Wing                Right Wing               Defense                  Defense                  
   Riley Armstrong          Ben Eager                Eric Godard              Brendan Smith            Derek Joslin             

Last Minutes Defensive
   Center                   Left Wing                Right Wing               Defense                  Defense                  
   Riley Armstrong          Ben Eager                Eric Godard              Brendan Smith            Derek Joslin             

Goaltenders
Starting : Maxime Ouellet           
Backup : Peter Mannino            

Extra Forwards
Normal : Valeri Bure, Evander Kane, Reilly Smith - PP : Valeri Bure, Evander Kane - PK : Reilly Smith
Extra Defensemen
Normal : Jared Cowen, Cameron Gaunce, Joe Finley - PP : Jared Cowen - PK : Cameron Gaunce, Joe Finley
Penalty Shots
Eric Godard, Denis Shvidki, Riley Armstrong, Ben Eager, Valeri Bure

Saguenéens

5 vs 5 Forward 
   Center                   Left Wing                Right Wing               Time % Phy DF OF 
 1 Martin Hanzal            Evgeny Dadonov           Wayne Simmonds           40     1   2  2  
 2 Kyle Brodziak            Marcus Johansson         David Moss               30     1   2  2  
 3 Evgeny Grachev           Tim Kennedy              David Laliberté          20     1   2  2  
 4 Jim O'Brien              Eric Tangradi            Rhett Rakhshani          10     1   2  2  

5 vs 5 Defense 
   Defense                  Defense                                           Time % Phy DF OF 
 1 Derek Morris             Kevin Marshall                                    40     1   2  2  
 2 Kris Russell             Brandon Burlon                                    32     1   2  2  
 3 David Rundblad           Mike Sauer                                        20     1   2  2  
 4 Derek Morris             Mike Sauer                                        8      1   2  2  

PowerPlay Forward 
   Center                   Left Wing                Right Wing               Time % Phy DF OF 
 1 Martin Hanzal            Evgeny Dadonov           Wayne Simmonds           60     1   2  2  
 2 Kyle Brodziak            Marcus Johansson         David Moss               40     1   2  2  

PowerPlay Defense
   Defense                  Defense                                           Time % Phy DF OF 
 1 Derek Morris             Kevin Marshall                                    60     1   2  2  
 2 Kris Russell             David Rundblad                                    40     1   2  2  

Penalty Kill 4 Players Forward 
   Center                   Wing                     Time % Phy DF OF 
 1 Martin Hanzal            David Moss               50     1   2  2  
 2 Kyle Brodziak            David Laliberté          50     1   2  2  

Penalty Kill 4 Players Defense
   Defense                  Defense                  Time % Phy DF OF 
 1 Derek Morris             Kevin Marshall           50     1   2  2  
 2 Kris Russell             Mike Sauer               50     1   2  2  

Penalty Kill - 3 Players Forward 
   Forward                                           Time % Phy DF OF 
 1 David Moss                                        50     1   3  1  
 2 Kyle Brodziak                                     50     1   3  1  

Penalty Kill - 3 Players Defense
   Defense                  Defense                  Time % Phy DF OF 
 1 Derek Morris             Kevin Marshall           50     1   3  1  
 2 Kris Russell             Mike Sauer               50     1   3  1  

4 vs 4 Forward 
   Center                   Wing                     Time % Phy DF OF 
 1 Martin Hanzal            Wayne Simmonds           60     1   2  2  
 2 Kyle Brodziak            Evgeny Dadonov           40     1   2  2  

4 vs 4 Defense
   Defense                  Defense                  Time % Phy DF OF 
 1 Derek Morris             Kevin Marshall           60     1   2  2  
 2 Kris Russell             Mike Sauer               40     1   2  2  

Last Minutes Offensive
   Center                   Left Wing                Right Wing               Defense                  Defense                  
   Martin Hanzal            Evgeny Dadonov           Wayne Simmonds           Derek Morris             Kris Russell             

Last Minutes Defensive
   Center                   Left Wing                Right Wing               Defense                  Defense                  
   Martin Hanzal            Evgeny Dadonov           Wayne Simmonds           Derek Morris             Kris Russell             

Goaltenders
Starting : Al Montoya               
Backup : Harru Sateri             

Extra Forwards
Normal : Evgeny Grachev, Tim Kennedy, Martin Hanzal - PP : Tim Kennedy, Evgeny Grachev - PK : David Laliberté
Extra Defensemen
Normal : Mike Sauer, Brandon Burlon, Derek Morris - PP : Mike Sauer - PK : Brandon Burlon, David Rundblad
Penalty Shots
Wayne Simmonds, Evgeny Dadonov, Martin Hanzal, Kyle Brodziak, David Moss

% Time on Ice - Scraper

Lines # - Real PCT - Wanted PCT - Time Play
Normal Forward
1 - 37% - 40% - 17:20
2 - 24% - 30% - 11:11
3 - 15% - 20% - 7:09
4 - 24% - 10% - 11:05
Normal Defense
1 - 40% - 40% - 18:48
2 - 32% - 30% - 15:09
3 - 19% - 20% - 8:50
4 - 8% - 10% - 3:58
PP Forward
1 - 64% - 60% - 3:47
2 - 36% - 40% - 2:10
PP Defense
1 - 62% - 60% - 3:41
2 - 38% - 40% - 2:16
PK Forward
1 - 67% - 60% - 4:55
2 - 33% - 40% - 2:23
PK Defense
1 - 63% - 60% - 4:35
2 - 37% - 40% - 2:43
PK3 Forward
1 - 0% - 60%
2 - 0% - 40%
PK3 Defense
1 - 0% - 60%
2 - 0% - 40%
44 Forward
1 - 0% - 60%
2 - 0% - 40%
44 Defense
1 - 0% - 60%
2 - 0% - 40%
Last Minute Offensive  - 0:00
Last Minute Defensive  - 0:00
Total
Forward - 60:00
Defense - 60:00

% Time on Ice - Saguenéens

Lines # - Real PCT - Wanted PCT - Time Play
Normal Forward
1 - 34% - 40% - 15:59
2 - 26% - 30% - 12:04
3 - 23% - 20% - 10:57
4 - 17% - 10% - 7:45
Normal Defense
1 - 42% - 40% - 19:27
2 - 32% - 32% - 15:06
3 - 19% - 20% - 9:02
4 - 7% - 8% - 3:10
PP Forward
1 - 61% - 60% - 4:27
2 - 39% - 40% - 2:51
PP Defense
1 - 65% - 60% - 4:44
2 - 35% - 40% - 2:34
PK Forward
1 - 57% - 50% - 3:22
2 - 43% - 50% - 2:35
PK Defense
1 - 58% - 50% - 3:28
2 - 42% - 50% - 2:29
PK3 Forward
1 - 0% - 50%
2 - 0% - 50%
PK3 Defense
1 - 0% - 50%
2 - 0% - 50%
44 Forward
1 - 0% - 60%
2 - 0% - 40%
44 Defense
1 - 0% - 60%
2 - 0% - 40%
Last Minute Offensive  - 0:00
Last Minute Defensive  - 0:00
Total
Forward - 60:00
Defense - 60:00

Play by Play

1st period


0:01 of 1st period - Eric Godard wins face-off versus Martin Hanzal in neutral zone.
0:26 of 1st period - Derek Morris is hit by Brayden Schenn and loses puck.
0:55 of 1st period - Jared Cowen is hit by David Moss and loses puck.
1:38 of 1st period - Snap shot by Evgeny Dadonov.
1:38 of 1st period - Stopped by Maxime Ouellet with a rebound.
1:44 of 1st period - Wayne Simmonds is hit by Ben Eager.
1:56 of 1st period - Wrist shot by Eric Tangradi.
1:56 of 1st period - Deflect By Denis Shvidki.
1:56 of 1st period - Stopped by Maxime Ouellet with a rebound.
2:53 of 1st period - Wrist shot by Evander Kane.
2:53 of 1st period - Stopped by Al Montoya with a rebound.
2:55 of 1st period - Slapshot by Brendan Smith.
2:55 of 1st period - Deflect By Kris Russell.
2:55 of 1st period - Stopped by Al Montoya without a rebound.
2:56 of 1st period - Kyle Brodziak wins face-off versus Riley Armstrong in Saguenéens zone.
2:56 of 1st period - Kyle Brodziak is hit by Eric Godard.
3:02 of 1st period - Snap shot by David Moss.
3:02 of 1st period - Shot Misses the Net.
3:42 of 1st period - Snap shot by David Laliberté.
3:42 of 1st period - Goal by David Laliberté - Scraper : 0 - Saguenéens : 1.
3:43 of 1st period - Riley Armstrong wins face-off versus Martin Hanzal in neutral zone.
3:46 of 1st period - Snap shot by Ben Eager.
3:46 of 1st period - Shot Blocked by Evgeny Dadonov.
4:10 of 1st period - Denis Shvidki is hit by Marcus Johansson and loses puck.
4:15 of 1st period - Slapshot by Marcus Johansson.
4:15 of 1st period - Stopped by Maxime Ouellet with a rebound.
4:17 of 1st period - Slapshot by Brandon Burlon.
4:17 of 1st period - Shot Blocked by Eric Gryba.
4:19 of 1st period - Slapshot by Kris Russell.
4:19 of 1st period - Deflect By David Moss.
4:19 of 1st period - Stopped by Maxime Ouellet with a rebound.
4:37 of 1st period - Wrist shot by Evander Kane.
4:37 of 1st period - Shot Blocked by Evgeny Grachev.
4:43 of 1st period - Ilkka Heikkinen is hit by Brandon Burlon.
5:31 of 1st period - Minor Penalty to Wayne Simmonds for Holding Stick.
5:32 of 1st period - Riley Armstrong wins face-off versus Kyle Brodziak in Saguenéens zone.
5:35 of 1st period - Snap shot by Riley Armstrong.
5:35 of 1st period - Stopped by Al Montoya with a rebound.
5:37 of 1st period - Slapshot by Derek Joslin.
5:37 of 1st period - Deflect By David Laliberté.
5:37 of 1st period - Stopped by Al Montoya without a rebound.
5:38 of 1st period - Kyle Brodziak wins face-off versus Riley Armstrong in Saguenéens zone.
5:47 of 1st period - Slapshot by Riley Armstrong.
5:47 of 1st period - Stopped by Al Montoya without a rebound.
5:48 of 1st period - David Moss wins face-off versus Riley Armstrong in Saguenéens zone.
5:48 of 1st period - David Moss is hit by Derek Joslin.
6:14 of 1st period - Denis Shvidki is hit by David Moss and loses puck.
7:31 of 1st period - Penalty to Wayne Simmonds is over, Wayne Simmonds is back on ice.
8:01 of 1st period - Wrist shot by Riley Nash.
8:01 of 1st period - Shot Misses the Net.
9:20 of 1st period - Brendan Smith is hit by Evgeny Grachev and loses puck.
10:08 of 1st period - Wrist shot by Kyle Brodziak.
10:08 of 1st period - Stopped by Maxime Ouellet with a rebound.
11:06 of 1st period - Icing by Evgeny Dadonov.
11:07 of 1st period - Martin Hanzal wins face-off versus Denis Shvidki in Saguenéens zone.
11:42 of 1st period - Eric Godard is hit by Derek Morris and loses puck.
11:47 of 1st period - Wrist shot by Eric Tangradi.
11:47 of 1st period - Goal by Eric Tangradi - Scraper : 0 - Saguenéens : 2.
11:48 of 1st period - Martin Hanzal wins face-off versus Brayden Schenn in neutral zone.
12:42 of 1st period - Snap shot by Eric Tangradi.
12:42 of 1st period - Shot Blocked by Ben Eager.
12:44 of 1st period - Wrist shot by Jim O'Brien.
12:44 of 1st period - Shot Blocked by Cameron Gaunce.
12:46 of 1st period - Snap shot by Kris Russell.
12:46 of 1st period - Shot Misses the Net.
13:26 of 1st period - Denis Shvidki is hit by Wayne Simmonds and loses puck.
13:39 of 1st period - Wrist shot by David Moss.
13:39 of 1st period - Shot Blocked by Reilly Smith.
15:06 of 1st period - Brayden Schenn is hit by David Moss and loses puck.
15:43 of 1st period - Snap shot by Martin Hanzal.
15:43 of 1st period - Goal by Martin Hanzal - Scraper : 0 - Saguenéens : 3.
15:44 of 1st period - Riley Armstrong wins face-off versus Martin Hanzal in neutral zone.
15:46 of 1st period - Minor Penalty to Riley Armstrong for High sticking.
15:47 of 1st period - Martin Hanzal wins face-off versus Eric Godard in Scraper zone.
17:07 of 1st period - Derek Morris is hit by Ben Eager and loses puck.
17:26 of 1st period - Wayne Simmonds is hit by Evander Kane and loses puck.
17:46 of 1st period - Penalty to Riley Armstrong is over, Riley Armstrong is back on ice.
18:03 of 1st period - Eric Godard is hit by Evgeny Grachev and loses puck.
18:16 of 1st period - Derek Morris is hit by Ryan O'Reilly and loses puck.
18:23 of 1st period - Eric Gryba is hit by Derek Morris and loses puck.
18:38 of 1st period - Marcus Foligno is hit by Tim Kennedy.
Goals for this period are 0 for Scraper vs 3 for Saguenéens.
Shots for this period are 5 for Scraper vs 8 for Saguenéens.

2nd period


0:01 of 2nd period - Riley Armstrong wins face-off versus Martin Hanzal in neutral zone.
0:19 of 2nd period - Kevin Marshall is hit by Eric Godard and loses puck.
0:56 of 2nd period - Snap shot by Riley Nash.
0:56 of 2nd period - Shot Misses the Net.
1:06 of 2nd period - Evgeny Grachev is hit by Eric Gryba and loses puck.
1:25 of 2nd period - Snap shot by Evgeny Grachev.
1:25 of 2nd period - Shot Blocked by Evander Kane.
1:27 of 2nd period - Slapshot by Tim Kennedy.
1:27 of 2nd period - Shot Misses the Net.
1:35 of 2nd period - Wrist shot by Tim Kennedy.
1:35 of 2nd period - Shot Misses the Net.
1:37 of 2nd period - Slapshot by Brandon Burlon.
1:37 of 2nd period - Stopped by Maxime Ouellet without a rebound.
1:38 of 2nd period - Riley Armstrong wins face-off versus Martin Hanzal in Scraper zone.
1:49 of 2nd period - Snap shot by Ben Eager.
1:49 of 2nd period - Stopped by Al Montoya with a rebound.
1:51 of 2nd period - Slapshot by Riley Armstrong.
1:51 of 2nd period - Shot Blocked by Martin Hanzal.
1:53 of 2nd period - Slapshot by Derek Joslin.
1:53 of 2nd period - Shot Blocked by Evgeny Dadonov.
2:10 of 2nd period - Snap shot by Denis Shvidki.
2:10 of 2nd period - Stopped by Al Montoya with a rebound.
2:12 of 2nd period - Slapshot by Eric Gryba.
2:12 of 2nd period - Deflect By Brayden Schenn.
2:12 of 2nd period - Stopped by Al Montoya with a rebound.
2:18 of 2nd period - Minor Penalty to David Moss for Tripping.
2:19 of 2nd period - Riley Armstrong wins face-off versus Kyle Brodziak in Saguenéens zone.
2:34 of 2nd period - David Laliberté is hit by Riley Armstrong and loses puck.
2:45 of 2nd period - Denis Shvidki is hit by Kris Russell and loses puck.
4:18 of 2nd period - Penalty to David Moss is over, David Moss is back on ice.
4:30 of 2nd period - Marcus Foligno is hit by Evgeny Grachev.
5:14 of 2nd period - Off-side.
5:15 of 2nd period - Evgeny Grachev wins face-off versus Riley Armstrong in neutral zone.
5:18 of 2nd period - Snap shot by Tim Kennedy.
5:18 of 2nd period - Stopped by Maxime Ouellet with a rebound.
5:23 of 2nd period - Minor Penalty to Ilkka Heikkinen for Interference.
5:24 of 2nd period - Eric Godard wins face-off versus Martin Hanzal in Scraper zone.
5:24 of 2nd period - Eric Godard is hit by Wayne Simmonds.
5:33 of 2nd period - Slapshot by Kris Russell.
5:33 of 2nd period - Goal by Kris Russell - Scraper : 0 - Saguenéens : 4.
5:33 of 2nd period - Peter Mannino enters game.
5:34 of 2nd period - Martin Hanzal wins face-off versus Riley Armstrong in neutral zone.
5:39 of 2nd period - Riley Armstrong is hit by Derek Morris and loses puck.
5:40 of 2nd period - Riley Armstrong from Scraper is injured at 5:40 of 2nd period (Sprained Right Knee).
5:41 of 2nd period - Valeri Bure wins face-off versus Martin Hanzal in Scraper zone.
5:41 of 2nd period - Derek Morris and Ben Eager fight to a draw.
5:41 of 2nd period - Penalty to Derek Morris for Fighting.
5:41 of 2nd period - Penalty to Ben Eager for Fighting.
5:41 of 2nd period - Penalty to Derek Morris for instigated a fight.
5:41 of 2nd period - Penalty to Derek Morris for instigated a fight.
5:42 of 2nd period - Kyle Brodziak wins face-off versus Valeri Bure in Scraper zone.
7:41 of 2nd period - Penalty to Derek Morris is over, David Laliberté is send on ice.
7:48 of 2nd period - Wayne Simmonds is hit by Marcus Foligno and loses puck.
8:09 of 2nd period - Brayden Schenn is hit by Rhett Rakhshani and loses puck.
8:32 of 2nd period - Slapshot by Evgeny Grachev.
8:32 of 2nd period - Stopped by Peter Mannino without a rebound.
8:33 of 2nd period - Evgeny Grachev wins face-off versus Roman Horak in Scraper zone.
8:40 of 2nd period - Slapshot by David Laliberté.
8:40 of 2nd period - Stopped by Peter Mannino without a rebound.
8:41 of 2nd period - Valeri Bure wins face-off versus Kyle Brodziak in Scraper zone.
9:22 of 2nd period - Slapshot by Derek Joslin.
9:22 of 2nd period - Stopped by Al Montoya with a rebound.
9:24 of 2nd period - Slapshot by Derek Joslin.
9:24 of 2nd period - Shot Blocked by Mike Sauer.
9:30 of 2nd period - Reilly Smith is hit by Mike Sauer and loses puck.
9:31 of 2nd period - Reilly Smith from Scraper is injured at 9:31 of 2nd period (Strained Groin).
9:32 of 2nd period - Valeri Bure wins face-off versus Martin Hanzal in Scraper zone.
9:47 of 2nd period - Mike Sauer is hit by Eric Godard and loses puck.
10:59 of 2nd period - Snap shot by Evander Kane.
10:59 of 2nd period - Shot Blocked by Mike Sauer.
11:01 of 2nd period - Slapshot by Eric Gryba.
11:01 of 2nd period - Stopped by Al Montoya without a rebound.
11:02 of 2nd period - Riley Nash wins face-off versus Jim O'Brien in Saguenéens zone.
11:13 of 2nd period - Slapshot by Evander Kane.
11:13 of 2nd period - Shot Blocked by Eric Tangradi.
11:48 of 2nd period - Wrist shot by Riley Nash.
11:48 of 2nd period - Stopped by Al Montoya with a rebound.
12:02 of 2nd period - Slapshot by Rhett Rakhshani.
12:02 of 2nd period - Stopped by Peter Mannino with a rebound.
12:04 of 2nd period - Snap shot by Rhett Rakhshani.
12:04 of 2nd period - Stopped by Peter Mannino with a rebound.
12:08 of 2nd period - Wrist shot by Eric Tangradi.
12:08 of 2nd period - Stopped by Peter Mannino without a rebound.
12:09 of 2nd period - Valeri Bure wins face-off versus Martin Hanzal in Scraper zone.
12:14 of 2nd period - Wrist shot by Ben Eager.
12:14 of 2nd period - Stopped by Al Montoya without a rebound.
12:15 of 2nd period - Valeri Bure wins face-off versus Martin Hanzal in Saguenéens zone.
12:26 of 2nd period - Brendan Smith is hit by Kris Russell.
13:05 of 2nd period - Snap shot by Tim Kennedy.
13:05 of 2nd period - Stopped by Peter Mannino with a rebound.
13:07 of 2nd period - Snap shot by David Rundblad.
13:07 of 2nd period - Stopped by Peter Mannino with a rebound.
13:09 of 2nd period - Backhand shot by David Rundblad.
13:09 of 2nd period - Stopped by Peter Mannino with a rebound.
13:19 of 2nd period - Snap shot by Martin Hanzal.
13:19 of 2nd period - Shot Misses the Net.
13:46 of 2nd period - Snap shot by Jim O'Brien.
13:46 of 2nd period - Shot Misses the Net.
13:48 of 2nd period - Slapshot by Jim O'Brien.
13:48 of 2nd period - Stopped by Peter Mannino with a rebound.
13:50 of 2nd period - Snap shot by Eric Tangradi.
13:50 of 2nd period - Deflect By Jim O'Brien.
13:50 of 2nd period - Stopped by Peter Mannino without a rebound.
13:51 of 2nd period - Brayden Schenn wins face-off versus Martin Hanzal in Scraper zone.
14:05 of 2nd period - Slapshot by Denis Shvidki.
14:05 of 2nd period - Stopped by Al Montoya with a rebound.
14:07 of 2nd period - Slapshot by Denis Shvidki.
14:07 of 2nd period - Shot Blocked by Martin Hanzal.
14:23 of 2nd period - Snap shot by Valeri Bure.
14:23 of 2nd period - Stopped by Al Montoya without a rebound.
14:24 of 2nd period - Kyle Brodziak wins face-off versus Ryan O'Reilly in Saguenéens zone.
14:28 of 2nd period - Off-side.
14:29 of 2nd period - Valeri Bure wins face-off versus Martin Hanzal in neutral zone.
14:32 of 2nd period - Snap shot by Ilkka Heikkinen.
14:32 of 2nd period - Shot Blocked by Martin Hanzal.
14:34 of 2nd period - Slapshot by Ilkka Heikkinen.
14:34 of 2nd period - Stopped by Al Montoya with a rebound.
14:36 of 2nd period - Wrist shot by Ben Eager.
14:36 of 2nd period - Stopped by Al Montoya with a rebound.
14:38 of 2nd period - Slapshot by Ilkka Heikkinen.
14:38 of 2nd period - Shot Misses the Net.
14:40 of 2nd period - Snap shot by Eric Godard.
14:40 of 2nd period - Deflect By Ben Eager.
14:40 of 2nd period - Shot Misses the Net.
14:40 of 2nd period - Puck is out of play.
14:41 of 2nd period - Valeri Bure wins face-off versus Martin Hanzal in Saguenéens zone.
14:44 of 2nd period - Snap shot by Ben Eager.
14:44 of 2nd period - Stopped by Al Montoya with a rebound.
15:02 of 2nd period - Brendan Smith is hit by Evgeny Dadonov and loses puck.
15:12 of 2nd period - Off-side.
15:13 of 2nd period - Kyle Brodziak wins face-off versus Brayden Schenn in neutral zone.
16:04 of 2nd period - Brayden Schenn is hit by Wayne Simmonds and loses puck.
16:11 of 2nd period - Wrist shot by Evgeny Dadonov.
16:11 of 2nd period - Shot Misses the Net.
16:49 of 2nd period - Snap shot by Valeri Bure.
16:49 of 2nd period - Goal by Valeri Bure - Scraper : 1 - Saguenéens : 4.
16:50 of 2nd period - Ryan O'Reilly wins face-off versus Martin Hanzal in neutral zone.
17:01 of 2nd period - Wrist shot by Evander Kane.
17:01 of 2nd period - Stopped by Al Montoya with a rebound.
17:15 of 2nd period - Marcus Foligno is hit by Marcus Johansson and loses puck.
18:40 of 2nd period - Snap shot by Marcus Johansson.
18:40 of 2nd period - Goal by Marcus Johansson - Scraper : 1 - Saguenéens : 5.
18:41 of 2nd period - Martin Hanzal wins face-off versus Valeri Bure in neutral zone.
19:08 of 2nd period - Brayden Schenn is hit by Kris Russell and loses puck.
19:59 of 2nd period - Jared Cowen is hit by Evgeny Dadonov and loses puck.
Goals for this period are 1 for Scraper vs 2 for Saguenéens.
Shots for this period are 14 for Scraper vs 14 for Saguenéens.

3rd period


0:01 of 3rd period - Martin Hanzal wins face-off versus Brayden Schenn in neutral zone.
0:41 of 3rd period - 10 Minutes Misconduct Penalty to Derek Morris is over.
1:13 of 3rd period - Slapshot by Ilkka Heikkinen.
1:13 of 3rd period - Deflect By Daniel Winnik.
1:13 of 3rd period - Stopped by Al Montoya with a rebound.
1:19 of 3rd period - Snap shot by David Laliberté.
1:19 of 3rd period - Shot Misses the Net.
1:39 of 3rd period - Wrist shot by Martin Hanzal.
1:39 of 3rd period - Shot Misses the Net.
1:41 of 3rd period - Wrist shot by Evgeny Dadonov.
1:41 of 3rd period - Stopped by Peter Mannino without a rebound.
1:42 of 3rd period - Brayden Schenn wins face-off versus Martin Hanzal in Scraper zone.
1:47 of 3rd period - Snap shot by Wayne Simmonds.
1:47 of 3rd period - Shot Blocked by Jared Cowen.
1:49 of 3rd period - Slapshot by Mike Sauer.
1:49 of 3rd period - Shot Misses the Net.
1:51 of 3rd period - Slapshot by Evgeny Dadonov.
1:51 of 3rd period - Shot Misses the Net.
1:53 of 3rd period - Slapshot by Wayne Simmonds.
1:53 of 3rd period - Shot Misses the Net.
1:55 of 3rd period - Slapshot by David Rundblad.
1:55 of 3rd period - Shot Misses the Net.
1:57 of 3rd period - Slapshot by David Rundblad.
1:57 of 3rd period - Deflect By Martin Hanzal.
1:57 of 3rd period - Shot Blocked by Daniel Winnik.
1:57 of 3rd period - Puck is out of play.
1:58 of 3rd period - Valeri Bure wins face-off versus Kyle Brodziak in Scraper zone.
2:03 of 3rd period - Derek Morris is hit by Valeri Bure and loses puck.
2:18 of 3rd period - David Moss is hit by Ben Eager and loses puck.
2:35 of 3rd period - Snap shot by Daniel Winnik.
2:35 of 3rd period - Stopped by Al Montoya with a rebound.
2:55 of 3rd period - Snap shot by Marcus Foligno.
2:55 of 3rd period - Stopped by Al Montoya without a rebound.
2:56 of 3rd period - Kyle Brodziak wins face-off versus Valeri Bure in Saguenéens zone.
3:00 of 3rd period - Off-side.
3:01 of 3rd period - Valeri Bure wins face-off versus Kyle Brodziak in neutral zone.
3:06 of 3rd period - Wrist shot by Ben Eager.
3:06 of 3rd period - Shot Misses the Net.
3:36 of 3rd period - Wrist shot by Denis Shvidki.
3:36 of 3rd period - Stopped by Al Montoya without a rebound.
3:37 of 3rd period - Valeri Bure wins face-off versus Kyle Brodziak in Saguenéens zone.
3:43 of 3rd period - Snap shot by Valeri Bure.
3:43 of 3rd period - Shot Misses the Net.
3:45 of 3rd period - Snap shot by Ben Eager.
3:45 of 3rd period - Deflect By Valeri Bure.
3:45 of 3rd period - Stopped by Al Montoya with a rebound.
3:47 of 3rd period - Slapshot by Ilkka Heikkinen.
3:47 of 3rd period - Shot Blocked by Derek Morris.
3:51 of 3rd period - Wrist shot by Ben Eager.
3:51 of 3rd period - Shot Misses the Net.
4:03 of 3rd period - Evgeny Dadonov is hit by Brayden Schenn and loses puck.
4:35 of 3rd period - Wrist shot by Eric Tangradi.
4:35 of 3rd period - Shot Misses the Net.
4:47 of 3rd period - David Laliberté is hit by Ben Eager.
4:51 of 3rd period - Ben Eager beats up Evgeny Grachev.
4:51 of 3rd period - Penalty to Evgeny Grachev for Fighting.
4:51 of 3rd period - Penalty to Ben Eager for Fighting.
4:51 of 3rd period - Penalty to Ben Eager for instigated a fight.
4:51 of 3rd period - Penalty to Ben Eager for instigated and being the aggresor in a fight.
4:51 of 3rd period - Ben Eager is ejected from game.
4:52 of 3rd period - Martin Hanzal wins face-off versus Eric Godard in Scraper zone.
4:59 of 3rd period - Wrist shot by Derek Morris.
4:59 of 3rd period - Stopped by Peter Mannino with a rebound.
5:01 of 3rd period - Wrist shot by Martin Hanzal.
5:01 of 3rd period - Stopped by Peter Mannino without a rebound.
5:02 of 3rd period - Martin Hanzal wins face-off versus Eric Godard in Scraper zone.
5:35 of 3rd period - Wayne Simmonds is hit by Denis Shvidki.
5:39 of 3rd period - Slapshot by Derek Morris.
5:39 of 3rd period - Shot Blocked by Brendan Smith.
5:41 of 3rd period - Snap shot by Wayne Simmonds.
5:41 of 3rd period - Stopped by Peter Mannino without a rebound.
5:42 of 3rd period - Kyle Brodziak wins face-off versus Brayden Schenn in Scraper zone.
6:51 of 3rd period - Penalty to Ben Eager is over, Jerome Samson is send on ice.
6:57 of 3rd period - Wrist shot by Eric Godard.
6:57 of 3rd period - Goal by Eric Godard - Scraper : 2 - Saguenéens : 5.
6:58 of 3rd period - Ryan O'Reilly wins face-off versus Marcus Johansson in neutral zone.
7:25 of 3rd period - Brandon Burlon is hit by Derek Joslin and loses puck.
7:31 of 3rd period - Off-side.
7:32 of 3rd period - Martin Hanzal wins face-off versus Eric Godard in neutral zone.
7:48 of 3rd period - Snap shot by Daniel Winnik.
7:48 of 3rd period - Shot Misses the Net.
8:28 of 3rd period - Slapshot by Kyle Brodziak.
8:28 of 3rd period - Stopped by Peter Mannino without a rebound.
8:29 of 3rd period - Ryan O'Reilly wins face-off versus Kyle Brodziak in Scraper zone.
8:31 of 3rd period - Icing by Valeri Bure.
8:32 of 3rd period - Ryan O'Reilly wins face-off versus Kyle Brodziak in Scraper zone.
8:37 of 3rd period - Mike Sauer is hit by Valeri Bure and loses puck.
8:42 of 3rd period - Snap shot by Evander Kane.
8:42 of 3rd period - Shot Misses the Net.
8:44 of 3rd period - Snap shot by Ryan O'Reilly.
8:44 of 3rd period - Shot Misses the Net.
8:46 of 3rd period - Slapshot by Ryan O'Reilly.
8:46 of 3rd period - Shot Blocked by Kyle Brodziak.
8:48 of 3rd period - Snap shot by Brendan Smith.
8:48 of 3rd period - Shot Blocked by Mike Sauer.
9:30 of 3rd period - Minor Penalty to Eric Gryba for Charging.
9:31 of 3rd period - Martin Hanzal wins face-off versus Eric Godard in Scraper zone.
9:42 of 3rd period - Slapshot by Derek Morris.
9:42 of 3rd period - Goal by Derek Morris - Scraper : 2 - Saguenéens : 6.
9:43 of 3rd period - Martin Hanzal wins face-off versus Evander Kane in neutral zone.
9:46 of 3rd period - Wrist shot by Wayne Simmonds.
9:46 of 3rd period - Goal by Wayne Simmonds - Scraper : 2 - Saguenéens : 7.
9:47 of 3rd period - Valeri Bure wins face-off versus Martin Hanzal in neutral zone.
10:12 of 3rd period - Kyle Brodziak is hit by Denis Shvidki and loses puck.
10:35 of 3rd period - Valeri Bure is hit by Eric Tangradi and loses puck.
11:09 of 3rd period - David Rundblad is hit by Ilkka Heikkinen and loses puck.
11:25 of 3rd period - Icing by Eric Godard.
11:26 of 3rd period - Kyle Brodziak wins face-off versus Ryan O'Reilly in Scraper zone.
11:59 of 3rd period - Slapshot by Ilkka Heikkinen.
11:59 of 3rd period - Stopped by Al Montoya without a rebound.
12:00 of 3rd period - Kyle Brodziak wins face-off versus Valeri Bure in Saguenéens zone.
12:00 of 3rd period - Kyle Brodziak is hit by Brendan Smith.
12:38 of 3rd period - Martin Hanzal is hit by Brayden Schenn and loses puck.
12:53 of 3rd period - Wrist shot by Eric Tangradi.
12:53 of 3rd period - Shot Misses the Net.
13:56 of 3rd period - Slapshot by Cameron Gaunce.
13:56 of 3rd period - Deflect By Valeri Bure.
13:56 of 3rd period - Shot Misses the Net.
13:56 of 3rd period - Puck is out of play.
13:57 of 3rd period - Kyle Brodziak wins face-off versus Riley Nash in Saguenéens zone.
15:01 of 3rd period - Daniel Winnik is hit by Marcus Johansson and loses puck.
15:47 of 3rd period - Backhand shot by Martin Hanzal.
15:47 of 3rd period - Stopped by Peter Mannino without a rebound.
15:48 of 3rd period - Evgeny Dadonov wins face-off versus Valeri Bure in Scraper zone.
15:54 of 3rd period - Minor Penalty to Cameron Gaunce for High sticking.
15:55 of 3rd period - Eric Godard wins face-off versus Evgeny Dadonov in Scraper zone.
15:55 of 3rd period - Eric Godard is hit by Martin Hanzal.
16:09 of 3rd period - Off-side.
16:10 of 3rd period - Eric Godard wins face-off versus Martin Hanzal in neutral zone.
16:13 of 3rd period - Snap shot by Brendan Smith.
16:13 of 3rd period - Shot Misses the Net.
17:46 of 3rd period - Off-side.
17:47 of 3rd period - Martin Hanzal wins face-off versus Brayden Schenn in neutral zone.
17:54 of 3rd period - Penalty to Cameron Gaunce is over, Cameron Gaunce is back on ice.
18:22 of 3rd period - Icing by Riley Nash.
18:23 of 3rd period - Jim O'Brien wins face-off versus Marcus Foligno in Scraper zone.
18:38 of 3rd period - Slapshot by Valeri Bure.
18:38 of 3rd period - Goal by Valeri Bure - Scraper : 3 - Saguenéens : 7.
18:39 of 3rd period - Valeri Bure wins face-off versus Martin Hanzal in neutral zone.
19:00 of 3rd period - Minor Penalty to Evander Kane for Interference.
19:01 of 3rd period - Martin Hanzal wins face-off versus Eric Godard in Scraper zone.
19:12 of 3rd period - Snap shot by Evgeny Dadonov.
19:12 of 3rd period - Stopped by Peter Mannino with a rebound.
19:14 of 3rd period - Wrist shot by Wayne Simmonds.
19:14 of 3rd period - Shot Misses the Net.
19:16 of 3rd period - Slapshot by Wayne Simmonds.
19:16 of 3rd period - Shot Misses the Net.
19:51 of 3rd period - 10 Minutes Misconduct Penalty to Ben Eager is over.
19:52 of 3rd period - Slapshot by Ilkka Heikkinen.
19:52 of 3rd period - Deflect By Daniel Winnik.
19:52 of 3rd period - Stopped by Al Montoya with a rebound.
Goals for this period are 2 for Scraper vs 2 for Saguenéens.
Shots for this period are 9 for Scraper vs 9 for Saguenéens.


Output by the SimonT Hockey Simulator (STHS) for François Prévost -- Original Page W3C XHTML 1.0 Valid
Hockey Simulator - Hockey Simulation - Hockey Manager